 Dungeon Crawl Stone Soup version 0.31-a0-1370-gf52a5a9ab3 (console) character file.

Game seed: 12400840031817706513

53090 petzl the Blocker (level 15, -16/115 HPs)
             Began as a Formicid Delver on Dec 23, 2023.
             Was a High Priest of Vehumet.
             Killed from afar by a deep elf annihilator (66 damage)
             ... with a crystal spear
             ... on level 1 of the Elven Halls on Dec 27, 2023.
             The game lasted 03:11:16 (26750 turns).

petzl the Blocker (Formicid Delver)                Turns: 26750, Time: 03:11:24

Health: -16/115    AC: 14    Str: 21    XL:     15   Next: 8%
Magic:  24/37      EV: 14    Int: 17    God:    Vehumet [*****.]
Gold:   899        SH: 15    Dex: 18    Spells: 9/32 levels left

rFire   + + +        a - +6 long sword
rCold   . . .        g - +3 kite shield of the Abyss {rF+ Dex+3}
rNeg    + + .        I - +1 leather armour of Osoraoca {-Tele rPois rN++ Slay+5}
rPois   +            (helmet unavailable)
rElec   .            p - +2 cloak
rCorr   +            x - +0 pair of gloves
SInv    +            W - +3 pair of seven-league boots {Rampage+∞}
Will    +....        U - amulet of regeneration
Stlth   ++++++       i - ring "Efad" {rPois rF- Str+4 Slay+4 Stlth+}
HPRegen 1.19/turn    l - ring "Pacviz" {^Contam rF+++ rCorr MP+9 Stlth+}
MPRegen 0.25/turn

%: rampage+∞
@: lethally poisoned (-16 -> -17)
A: permanent stasis, dig shafts and tunnels, antennae 3, four strong arms
a: Dig, Shaft Self, Renounce Religion


You were on level 1 of the Elven Halls.
You worshipped Vehumet.
Vehumet was extremely pleased with you.
You visited 4 branches of the dungeon, and saw 21 of its levels.

You collected 2745 gold pieces.
You spent 1846 gold pieces at shops.

Inventory:

Hand Weapons
 a - a +6 long sword (weapon)
 b - a +0 orcbow of chaos
 f - a +3 arbalest
Missiles
 G - 23 poisoned darts
Armour
 g - the +3 kite shield of the Abyss (worn) {rF+ Dex+3}
   (You found it on level 6 of the Dungeon)

   Dex+3:     It affects your dexterity (+3).
   rF+:       It protects you from fire.
 h - a +2 robe of resistance
 p - a +2 cloak (worn)
 x - a +0 pair of gloves (worn)
 I - the +1 leather armour of Osoraoca (worn) {-Tele rPois rN++ Slay+5}
   (You took it off a gnoll bouda on level 8 of the Dungeon)

   Slay+5:    It affects your accuracy & damage with ranged weapons and melee
   (+5).
   rPois:     It protects you from poison rN++: It greatly protects you from
   negative energy.
   -Tele:     It prevents most forms of teleportation.
 T - a +1 ring mail of willpower
 W - the +3 pair of seven-league boots (worn) {Rampage+∞}
   (You acquired it on level 3 of the Lair of Beasts)

   Rampage+∞: When moving toward enemies, its wearer moves as far as possible,
   alerting their target en route.
Jewellery
 i - the ring "Efad" (left hand) {rPois rF- Str+4 Slay+4 Stlth+}
   (You acquired it on level 3 of the Lair of Beasts)

   [ring of slaying]

   Str+4:     It affects your strength (+4).
   Slay+4:    It affects your accuracy & damage with ranged weapons and melee
   (+4).
   rF-:       It makes you vulnerable to fire.
   rPois:     It protects you from poison Stlth+: It makes you more stealthy.
 l - the ring "Pacviz" (right hand) {^Contam rF+++ rCorr MP+9 Stlth+}
   (You bought it in a shop on level 2 of the Orcish Mines)

   [ring of magical power]

   rF+++:     It renders you almost immune to fire.
   MP+9:      It affects your magic capacity (+9).
   ^Contam:   It causes magical contamination when unequipped.
   rCorr:     It protects you from acid and corrosion.
   Stlth+:    It makes you more stealthy.
 q - a +6 ring of dexterity
 w - a +4 ring of slaying
 D - a ring of flight
 E - a ring of protection from cold
 F - a ring of positive energy
 N - a ring of resist corrosion
 U - an amulet of regeneration (around neck)
 X - an amulet of magic regeneration
Talismans
 Z - the maw talisman of Noughts and Crosses {Slay+6 Stlth+}
   (You found it on level 4 of the Lair of Beasts)

   [maw talisman]

   Slay+6:    It affects your accuracy & damage with ranged weapons and melee
   (+6).
   Stlth+:    It makes you more stealthy.
Wands
 s - a wand of polymorph (12)
 M - a wand of roots (3)
 Y - a wand of mindburst (6)
Scrolls
 c - 6 scrolls of fog
 d - 4 scrolls of revelation
 e - 2 scrolls of fear
 k - a scroll of immolation
 m - 2 scrolls of silence
 o - 3 scrolls of amnesia
 r - a scroll of torment
 A - a scroll of summoning
 K - a scroll of poison
 L - 2 scrolls of vulnerability
Potions
 j - 2 potions of enlightenment
 n - 2 potions of cancellation
 t - 4 potions of magic
 v - 2 potions of lignification
 z - 3 potions of brilliance
 J - 6 potions of curing
 Q - a potion of ambrosia
 S - a potion of invisibility {unknown}
Miscellaneous
 O - a phial of floods


   Skills:
 + Level 10.0 Fighting
 - Level 5.4 Long Blades
 - Level 2.0 Maces & Flails
 + Level 8.0 Ranged Weapons
 + Level 7.5 Armour
 + Level 5.4 Dodging
 - Level 8.0 Stealth
 + Level 10.8 Shields
 + Level 9.3 Spellcasting
 + Level 9.8 Conjurations
 + Level 3.7 Necromancy
 - Level 6.0 Translocations
 * Level 0.7 Fire Magic
 * Level 0.8 Ice Magic
 + Level 0.2 Air Magic
 - Level 6.0 Earth Magic
 - Level 6.0 Alchemy
 - Level 4.0 Evocations


You had 9 spell levels left.
You knew the following spells:

 Your Spells              Type           Power      Damage    Failure   Level
a - Stone Arrow           Conj/Erth      68%        3d11      1%          3
b - Sting                 Conj/Alch      100%       1d9       1%          1
c - Iskenderun's Mystic   Conj/Tloc      34%        2d8       1%          4
d - Ensorcelled Hibernat  Hex/Ice        18%        N/A       24%         2
e - Flame Wave            Conj/Fire      25%        2d8       6%          4
f - Arcjolt               Conj/Air       12%        1d22      17%         5
q - Kiss of Death         Conj/Necr      100%       2d13      1%          1
t - Apportation           Tloc           56%        N/A       1%          1
u - Sublimation of Blood  Necr           20%        N/A       6%          2

Your spell library contained the following spells:

 Spells                   Type           Power      Damage    Failure   Level
 Lee's Rapid Deconstruct  Erth           14%        3d9*      12%         5
 Fulminant Prism          Conj/Alch      17%        3d10      1%          4
 Lesser Beckoning         Tloc           56%        N/A       2%          2
 Passwall                 Alch/Erth      23%        N/A       2%          2
 Necrotise                Necr           80%        1d8       4%          1
 Gell's Gravitas          Tloc           28%        N/A       4%          3
 Teleport Other           Tloc           28%        N/A       4%          3
 Volatile Blastmotes      Fire/Tloc      38%        2d13      4%          3
 Irradiate                Conj/Alch      17%        3d17      5%          5
 Scorch                   Fire           20%        2d5       6%          2
 Vampiric Draining        Necr           20%        2d7       12%         3
 Petrify                  Alch/Erth      28%        N/A       16%         4
 Slow                     Hex            28%        N/A       19%         1
 Summon Small Mammal      Summ           28%        N/A       19%         1
 Dispel Undead            Necr           20%        3d11      38%         4
 Confusing Touch          Hex            7%         N/A       50%         3
 Sigil of Binding         Hex            7%         N/A       50%         3
 Agony                    Necr           20%        N/A       75%         5
 Summon Ice Beast         Ice/Summ       9%         N/A       85%         4
 Summon Mana Viper        Hex/Summ       7%         N/A       99%         5
 Summon Cactus Giant      Summ           3%         N/A       100%        6
 Monstrous Menagerie      Summ           3%         N/A       100%        7
 Maxwell's Capacitive Co  Air            4%         ∞         100%        8
 Swiftness                Air            Unusable   N/A       N/A         3
 Vhi's Electric Charge    Tloc/Air       Unusable   N/A       N/A         4

Dungeon Overview and Level Annotations

Branches:
Dungeon (13/15)            Temple (0/1) D:7            Lair (5/5) D:8
 Shoals (0/4) Lair:2        Snake (0/4) Lair:2        Slime (0/5) Lair:5
    Orc (2/2) D:9             Elf (1/3) Orc:2
 Vaults: D:13-14

Altars:
Dithmenos
Trog
Vehumet
Jiyva

Shops:
D:2 ((   Orc:1 :   Orc:2 ?=(=

Annotations:
D:4 exclusion: ogre, Prince Ribbit
D:7 exclusions: centaur, 2 downstairs and steam dragon
D:10 exclusions: door and downstairs
Orc:2 exclusion: 2 upstairs


Innate Abilities, Weirdness & Mutations

You cannot be hasted, slowed, berserked, paralysed or teleported.
You can dig through walls and to a lower floor.
You have a pair of large antennae on your head. (SInv)
Your four strong arms can wield two-handed weapons with a shield.


Message History

Aiming: Stone Arrow (safe; 1% risk of failure)
Press: ? - help, Shift-Dir - straight line, f/p - deep elf annihilator
Aim: a deep elf annihilator, wielding a +0 dagger (grey smoke, severely wounded, 64% to hit)
The stone arrow hits the deep elf annihilator!!
The deep elf annihilator is almost dead.
The deep elf annihilator gestures wildly while chanting.
The deep elf annihilator blinks!
Unknown command.
Casting: Stone Arrow (safe; 1% risk of failure)
Confirm with . or Enter, or press ? or * to list all spells.
Aiming: Stone Arrow (safe; 1% risk of failure)
Press: ? - help, Shift-Dir - straight line, f - deep elf annihilator
Aim: a deep elf annihilator, wielding a +0 rapier and wearing a +0 chain mail (grey smoke, lightly wounded, 71% to hit)
The stone arrow hits the deep elf annihilator!
The deep elf annihilator is moderately wounded.
The deep elf annihilator casts a spell at you.
The poison arrow hits you!
You are poisoned.
You partially resist.
Casting: Stone Arrow (safe; 1% risk of failure)
Confirm with . or Enter, or press ? or * to list all spells.
You erupt in a blast of force!
The mystic blast hits the deep elf annihilator but does no damage.
The deep elf annihilator is moderately wounded.
You feel sick.
a - a +6 long sword (weapon)
You feel sick.
You hit the deep elf annihilator but do no damage.
The deep elf annihilator is moderately wounded.
You feel sick.
The deep elf annihilator casts a spell.
The deep elf annihilator blinks!
You completely miss the deep elf annihilator.
The deep elf annihilator is almost dead.
You feel sick.
You block the deep elf annihilator's attack.
The deep elf annihilator gestures at you while chanting.
The crystal spear hits you!!!
Ouch! That really hurt!
You die...

### .. #. ##..###..
#.###.......
#.##....... #...
...+.....# #..# #{#
.....##.. +..# #.#
#........ #..#
#e###§## #.....#..#
#§e§§§.#, #.....#..#
#@###e§..##.
+.....#..####.#
##§......
#.....#.......#
#'.....
#..)..#.#####(#
##...##.. #.....#.#
#.###....##..
#.....#.##
#.##.........
#.....'..#
#.##........
##....#..####..'....#
##...##......##....#
##..#######'##....#
#'## ##.....#'## #.#
#......#.# ###.#
#......#.###
#######...#
#...<..+...##
#....##..##
#......#....+
#.....+..#
#.....>###.##
#.....#.## #......#
#.# #.....#'##
##.....# #.#
##.......## #+##+##
#.#


You could see 2 deep elf annihilators.

Vanquished Creatures
  The ghost of Laraso the Bludgeoner, a journeyman OnCA of Ignis (Lair:4)
  An ettin (D:9)
  The ghost of Zumudolu the Cleaver, a journeyman MiFi of Yredelemnul (Lair:2)
  Erolcha (D:11)
  A merfolk avatar (Lair:5)
  A catoblepas (Lair:1)
  An anaconda (D:11)
  3 orc high priests
  5 death yaks (Lair:4)
  2 skeletal warriors (D:12)
  2 sea snakes
  5 skysharks
  3 harpies
  7 orc knights
  3 orc sorcerers (Orc:2)
  3 deep elf zephyrmancers (Elf:1)
  3 manticores (D:12)
  A cyclops (D:12)
  2 black mambas
  2 elephants
  5 kobold blastminers (Orc:2)
  A gargoyle (D:12)
  11 cane toads
  A kobold demonologist (D:12)
  4 komodo dragons
  7 rime drakes
  Psyche (D:10)
  3 trolls
  7 polar bears
  A hornet (Lair:2)
  12 blink frogs
  A wind drake (Lair:5)
  5 slime creatures
  2 snapping turtles (Lair:5)
  2 shadows
  An air elemental (Elf:1)
  24 yaks
  3 wraiths
  A water elemental (Elf:1)
  6 wyverns
  2 basilisks (Lair:2)
  8 steam dragons
  A warg (Orc:1)
  12 water moccasins
  3 acid dragons (D:11)
  2 sky beasts
  12 orc warriors
  2 ice beasts (D:5)
  3 black bears
  4 ogres
  12 wolves
  7 centaurs
  A kobold brigand (D:9)
  2 gnoll sergeants
  6 scorpions
  14 bullfrogs
  13 wights
  A howler monkey (D:5)
  4 jellies
  2 gnoll boudas (D:8)
  8 orc priests
  3 hounds
  3 sleepcaps
  Terence (D:3)
  An iguana (D:5)
  16 orc wizards
  24 gnolls
  13 adders
  A shadow imp (D:5)
  4 bombardier beetles
  2 white imps (D:5)
  2 ufetubi
  A worm (D:2)
  3 dart slugs
  46 orcs
  11 endoplasms
  2 giant cockroaches
  5 goblins
  8 hobgoblins
  12 jackals
  2 quokkas
  2 ball pythons
  6 bats
  11 frilled lizards
  11 kobolds
  2 rats
457 creatures vanquished.

Vanquished Creatures (collateral kills)
  A skyshark (Lair:5)
1 creature vanquished.

Vanquished Creatures (others)
  A cane toad (Lair:5)
  A yak (Lair:3)
  An orc priest (Orc:2)
  An orc wizard (D:8)
4 creatures vanquished.

Grand Total: 462 creatures vanquished

Notes
Turn   | Place    | Note
-------+----------+-------------------------------------------
     0 | D:5      | petzl the Formicid Delver began the quest for the Orb.
     0 | D:5      | Reached XP level 1. HP: 18/18 MP: 1/1
     0 | D:5      | Found a radiant altar of Vehumet.
    32 | D:4      | Noticed an ogre
   106 | D:6      | Noticed a black bear
   107 | D:6      | Noticed a scorpion
   129 | D:5      | Noticed Prince Ribbit
   313 | D:2      | Found a bloodstained altar of Trog.
   317 | D:2      | Reached skill level 1 in Spellcasting
   332 | D:2      | Reached XP level 2. HP: 21/24 MP: 2/4
   679 | D:1      | Reached XP level 3. HP: 28/29 MP: 6/6
  1208 | D:1      | Learned a level 1 spell: Kiss of Death
  1371 | D:2      | Reached XP level 4. HP: 35/35 MP: 8/8
  2023 | D:2      | Found Volia's Weapon Emporium.
  2030 | D:2      | Reached XP level 5. HP: 41/41 MP: 9/9
  2043 | D:2      | Reached skill level 1 in Evocations
  2076 | D:2      | Found Zeef's Antique Weapon Shop.
  2287 | D:3      | Noticed Terence
  2301 | D:3      | Killed Terence
  2302 | D:3      | Reached skill level 1 in Armour
  2660 | D:3      | Reached skill level 1 in Conjurations
  3307 | D:4      | Reached XP level 6. HP: 48/48 MP: 11/11
  3554 | D:4      | Found a shadowy altar of Dithmenos.
  3699 | D:5      | Noticed an ice beast
  3746 | D:5      | Became a worshipper of Vehumet
  3861 | D:4      | You fall into a shaft and drop 3 floors!
  4015 | D:7      | Noticed a steam dragon
  4039 | D:8      | Noticed a sky beast
  4164 | D:6      | Reached XP level 7. HP: 45/54 MP: 12/12
  4294 | D:6      | Identified the +3 kite shield of the Abyss {rF+ Dex+3}
  4347 | D:6      | Reached skill level 1 in Ranged Weapons
  4828 | D:5      | Reached skill level 1 in Shields
  4848 | D:5      | Learned a level 1 spell: Sting
  4857 | D:5      | Reached XP level 8. HP: 58/61 MP: 10/14
  5217 | D:5      | Reached skill level 1 in Alchemy
  5250 | D:5      | Reached * piety under Vehumet
  5250 | D:5      | Offered knowledge of Foxfire by Vehumet.
  5334 | D:5      | Noticed a two-headed ogre
  6104 | D:6      | Reached XP level 9. HP: 64/67 MP: 10/15
  6363 | D:7      | Reached skill level 5 in Fighting
  6584 | D:7      | Found a staircase to the Ecumenical Temple.
  7077 | D:6      | You fall into a shaft and drop 3 floors!
  7297 | D:10     | Entered Level 10 of the Dungeon
  8281 | D:12     | Noticed a deep elf pyromancer
  8448 | D:9      | Found a staircase to the Orcish Mines.
  8454 | D:9      | Reached skill level 5 in Spellcasting
  8568 | Orc:1    | Entered Level 1 of the Orcish Mines
  8568 | Orc:1    | Noticed a troll
  8683 | D:9      | Reached ** piety under Vehumet
  8857 | D:8      | Reached XP level 10. HP: 63/75 MP: 12/17
  8864 | D:8      | Reached skill level 5 in Ranged Weapons
  9437 | D:5      | Offered knowledge of Sandblast by Vehumet.
 10219 | D:8      | Identified the +1 leather armour of Osoraoca {-Tele rPois
                  | rN++ Slay+5}
 10503 | D:8      | Found a staircase to the Lair.
 10780 | D:8      | Reached skill level 5 in Shields
 10826 | D:8      | Offered knowledge of Stone Arrow by Vehumet.
 10833 | D:8      | Learned a level 3 spell: Stone Arrow
 10881 | D:8      | Reached skill level 1 in Earth Magic
 10897 | D:8      | Reached skill level 5 in Alchemy
 11065 | D:9      | Learned a level 4 spell: Iskenderun's Mystic Blast
 11512 | D:10     | Reached *** piety under Vehumet
 11646 | D:10     | Noticed Psyche
 11652 | D:10     | Killed Psyche
 11854 | D:11     | Reached skill level 1 in Translocations
 11975 | D:11     | Reached skill level 5 in Conjurations
 12060 | D:10     | Reached skill level 5 in Dodging
 12060 | D:10     | Reached XP level 11. HP: 32/81 MP: 18/20
 12645 | D:11     | Noticed Erolcha
 12791 | D:11     | Offered knowledge of Airstrike by Vehumet.
 13021 | D:12     | a slime creature changed into an anaconda
 13021 | D:12     | Noticed an anaconda
 13470 | Orc:1    | Noticed an orc knight
 13496 | Orc:1    | Killed an orc knight
 13553 | Orc:2    | Entered Level 2 of the Orcish Mines
 13557 | Orc:2    | Reached skill level 5 in Earth Magic
 14113 | Orc:1    | Noticed an orc knight
 14113 | Orc:1    | Noticed an ettin
 14144 | Orc:1    | Noticed an orc knight
 14301 | Lair:1   | Entered Level 1 of the Lair of Beasts
 14530 | Lair:1   | Reached **** piety under Vehumet
 15092 | Lair:1   | Offered knowledge of Frozen Ramparts by Vehumet.
 15211 | Lair:1   | Reached XP level 12. HP: 89/89 MP: 18/22
 15793 | Lair:1   | Noticed a catoblepas
 16356 | Lair:2   | Found a runed translucent door.
 16764 | Lair:4   | Noticed a skyshark
 16924 | Lair:2   | Found a staircase to the Snake Pit.
 17052 | Lair:2   | Found a staircase to the Shoals.
 17485 | Lair:1   | Killed a catoblepas
 17486 | Lair:1   | Reached skill level 5 in Armour
 18080 | Lair:2   | Noticed Zumudolu's ghost (journeyman MiFi)
 18200 | Lair:5   | Entered Level 5 of the Lair of Beasts
 18200 | Lair:5   | Noticed a death yak
 18200 | Lair:5   | Noticed a death yak
 18200 | Lair:5   | Noticed a death yak
 18200 | Lair:5   | Noticed a death yak
 18200 | Lair:5   | Noticed a death yak
 18288 | Lair:3   | Identified the +0 scale mail "Gautu" {Str+6 Int-3}
 18380 | Lair:3   | Reached XP level 13. HP: 86/98 MP: 5/25
 18974 | Lair:4   | Reached skill level 1 in Necromancy
 19169 | Lair:4   | Found a runed translucent gate.
 19502 | Lair:4   | Found a runed translucent gate.
 19502 | Lair:4   | Found a runed translucent gate.
 19502 | Lair:4   | Noticed Laraso's ghost (journeyman OnCA)
 19540 | Lair:4   | Learned a level 1 spell: Apportation
 19543 | Lair:4   | Identified 3 scrolls of acquirement
 19745 | Lair:3   | Acquired 840 gold pieces
 19748 | Lair:3   | Acquired the ring "Efad" {rPois rF- Str+4 Slay+4 Stlth+}
 19752 | Lair:3   | Acquired the +3 pair of seven-league boots {Rampage+∞}
 19752 | Lair:3   | Found the +3 pair of seven-league boots {Rampage+∞}
 20241 | Lair:4   | Reached skill level 1 in Long Blades
 20435 | Lair:5   | Found a viscous altar of Jiyva.
 20435 | Lair:5   | Found a staircase to the Slime Pits.
 20459 | Lair:5   | Reached ***** piety under Vehumet
 20459 | Lair:5   | Offered knowledge of Bombard by Vehumet.
 20623 | Lair:5   | Reached skill level 5 in Translocations
 21549 | Lair:4   | Reached XP level 14. HP: 90/108 MP: 26/26
 22603 | Lair:4   | Killed Laraso's ghost
 22613 | Lair:4   | Identified the maw talisman of Noughts and Crosses {Slay+6
                  | Stlth+}
 22833 | Lair:2   | Killed Zumudolu's ghost
 22834 | Lair:2   | Reached skill level 10 in Shields
 23148 | D:11     | Killed Erolcha
 23199 | D:11     | Reached skill level 10 in Fighting
 24200 | D:12     | Reached skill level 5 in Long Blades
 24557 | D:9      | You fall into a shaft and drop 3 floors!
 24840 | Orc:1    | Offered knowledge of Lee's Rapid Deconstruction by Vehumet.
 24935 | Orc:1    | Found Huemeuh's Book Shoppe.
 24944 | Orc:1    | Bought a book of Transmutation for 420 gold pieces
 24947 | Orc:1    | Learned a level 2 spell: Sublimation of Blood
 25358 | Orc:2    | Found a staircase to the Elven Halls.
 26402 | Orc:1    | Reached XP level 15. HP: 106/115 MP: 28/28
 26492 | Orc:2    | Found Uttagal Ybopn's Jewellery Shop.
 26492 | Orc:2    | Found Ruarch's Magic Scroll Emporium.
 26495 | Orc:2    | Found Nunaupn's Jewellery Shop.
 26495 | Orc:2    | Found Wopli's Antique Weapon Emporium.
 26506 | Orc:2    | Bought a scroll of immolation for 52 gold pieces
 26506 | Orc:2    | Bought a scroll of revelation for 97 gold pieces
 26506 | Orc:2    | Bought a scroll of revelation for 97 gold pieces
 26506 | Orc:2    | Bought a scroll of fear for 52 gold pieces
 26511 | Orc:2    | Bought the ring "Pacviz" {^Contam rF+++ rCorr MP+9 Stlth+}
                  | for 972 gold pieces
 26516 | Orc:2    | Learned a level 2 spell: Ensorcelled Hibernation
 26521 | Orc:2    | Learned a level 4 spell: Flame Wave
 26527 | Orc:2    | Learned a level 5 spell: Arcjolt
 26532 | Orc:2    | Bought 3 scrolls of amnesia for 156 gold pieces
 26570 | Elf:1    | Entered Level 1 of the Elven Halls
 26750 | Elf:1    | Killed from afar by a deep elf annihilator

Illustrated notes

Levels and vault maps discovered:
D:1:      minmay_arrival_jagged, layout_loops_corners, minmay_octomino_c4
D:2:      layout_basic, basic_altar, serial_shops, nicolae_shop_rolling_square,
          shop
D:3:      layout_basic, minmay_lizard_king, uniq_terence
D:4:      layout_rooms, marbit_many_paths
D:5:      layout_gridville, vehumet_altar_wand_db, minmay_holes,
          minmay_starry_boxes, uniq_prince_ribbit1
D:6:      layout_layer_cave, minmay_misc_feat_iff
D:7:      layout_basic, minmay_temple_entry_wispy
D:8:      layout_basic, lair_entry_dummy
D:9:      layout_basic, orc_0_dummy
D:10:     layout_roguey, uniq_psyche
D:11:     layout_irregular_city, uniq_erolcha
D:12:     layout_roguey
D:13:     layout_roguey, hellmonk_vaults_order_and_chaos, uniq_sonja
Lair:1:   layout_roguey, grunt_megastairs_2
Lair:2:   layout_cave_pods, nicolae_shoals_entry_roost, dummy_snake_entry,
          ebering_ghost_reflecting_pool
Lair:3:   layout_hall_layers, serial_bayou_shore_b
Lair:4:   layout_cave_pods, gauntlet_entry_generic, ebering_ghost_rock_garden,
          beast_lair_carwin_11
Lair:5:   gammafunk_lair_ancient_temple, layout_misc_corridors, slime_entry_2
Orc:1:    layout_caves, serial_shops, shop
Orc:2:    grunt_orc_tribal_feast, layout_caves, mines1_david
Elf:1:    layout_gridlike, serial_shops, shop, shop,
          nicolae_shop_getting_attention, nicolae_elf_blasts_and_bolts,
          minmay_shop_grove, uniq_agnes

Skill      XL: |  1  2  3  4  5  6  7  8  9 10 11 12 13 14 |
---------------+-------------------------------------------+-----
Spellcasting   | 1 2 3 4 5 6 7 8 9 |  9.3
Dodging        | 2 3 4 5 |  5.4
Evocations     | 1 2 3 4 |  4.0
Armour         | 1 2 3 5 6 7 |  7.5
Conjurations   | 1 2 3 5 6 7 8 9 |  9.8
Fighting       | 4 5 6 8 9 10 | 10.0
Ranged Weapons | 2 3 4 5 6 7 8 |  8.0
Shields        | 1 2 4 5 7 8 9 10 | 10.8
Alchemy        | 2 3 5 6 |  6.0
Stealth        | 7 8 |  8.0
Earth Magic    | 3 5 6 |  6.0
Translocations | 1 3 4 5 6 |  6.0
Necromancy     | 3 |  3.7
Long Blades    | 3 5 |  5.4
Maces & Flails | |  2.0
Fire Magic     | |  0.7
Ice Magic      | |  0.8
Air Magic      | |  0.2

Action                     |  1- 3 |  4- 6 |  7- 9 | 10-12 | 13-15 || total
---------------------------+-------+-------+-------+-------+-------++-------
  Melee: Mace              |    70 |   165 |   154 |    91 |    15 ||   495
         Punch             |       |     3 |     4 |     1 |       ||     8
         Dagger            |       |       |       |     1 |       ||     1
         Long sword        |       |       |       |       |   230 ||   230
   Fire: Orcbow            |       |     8 |   199 |   346 |   290 ||   843
  Throw: Boomerang         |       |    24 |       |       |       ||    24
         Throwing net      |       |       |     1 |     1 |       ||     2
   Cast: Sting             |       |       |   102 |    48 |    18 ||   168
         Kiss of Death     |       |       |     1 |       |     1 ||     2
         Stone Arrow       |       |       |       |   126 |   134 ||   260
         Iskenderun's Myst |       |       |       |    17 |   111 ||   128
         Apportation       |       |       |       |       |     1 ||     1
Ability: Dig               |       |     1 |     4 |     2 |     1 ||     8
         Shaft Self        |       |     1 |     1 |       |     1 ||     3
  Evoke: Wand              |     2 |    12 |     9 |     9 |     2 ||    34
         Phial of floods   |       |       |       |       |     1 ||     1
    Use: Scroll            |       |     4 |     9 |     5 |    10 ||    28
         Potion            |       |       |     6 |     2 |     4 ||    12
   Stab: Sleeping          |     9 |    10 |     1 |     1 |     2 ||    23
 Armour: Leather armour    |    40 |   109 |   261 |   236 |   264 ||   910
         Skin              |       |    18 |       |       |       ||    18
         Ring mail         |       |       |       |       |     1 ||     1
  Dodge: Dodged            |    55 |   145 |   242 |   241 |   233 ||   916
  Block: Kite shield       |       |       |       |   150 |   415 ||   565

Table legend: (Time is in decaauts)
 A = Elapsed time spent in this place.
 B = Non-inter-level travel time spent in this place.
 C = Inter-level travel time spent in this place.
 D = Time resting spent in this place.
 E = Time spent auto-exploring this place.
 F = Levels seen in this place.
 G = Mean time per level.
                   A        B        C        D        E       F      G
               +--------+--------+--------+--------+--------+-----+--------+
         Total |  27264 |  25227 |   2037 |   7763 |   9009 |  21 | 1298.3 |
       Dungeon |  16036 |  14700 |   1336 |   4013 |   5739 |  13 | 1233.5 |
          Lair |   8421 |   7843 |    578 |   2902 |   2718 |   5 | 1684.2 |
  Orcish Mines |   2624 |   2502 |    122 |    816 |    536 |   2 | 1312.0 |
   Elven Halls |    181 |    181 |      0 |     31 |     16 |   1 |  181.0 |
               +--------+--------+--------+--------+--------+-----+--------+

Top non-repeatable levels by time:
  Lair:4: 2594 daAuts
  Lair:1: 2063 daAuts
     D:5: 1961 daAuts
     D:8: 1960 daAuts
     D:9: 1877 daAuts
   Orc:2: 1823 daAuts
  Lair:2: 1519 daAuts
    D:11: 1467 daAuts
  Lair:5: 1459 daAuts
     D:6: 1414 daAuts
    D:10: 1361 daAuts
    D:12: 1219 daAuts
     D:2: 1103 daAuts
     D:3: 1020 daAuts
     D:7: 898 daAuts
